 Dungeon Crawl Stone Soup version 0.27-a0-909-g0721f309d1 (webtiles) character file.

Game seed: 7177596150944892420

17 EnegeticOcto the Magician (level 2, -2/21 HPs)
             Began as a Djinni Earth Elementalist on Apr 8, 2021.
             Slain by a jackal (3 damage)
             ... on level 2 of the Dungeon.
             The game lasted 00:01:06 (143 turns).

EnegeticOcto the Magician (DjEE)                     Turns: 143, Time: 00:01:06

Health: -2/21      AC:  2    Str:  7    XL:     2   Next: 62%
Gold:   0          EV: 12    Int: 16    God:
                   SH:  0    Dex: 13

rFire    + + .     SeeInvis .   (no weapon)
rCold    x . .     Faith    .   (no shield)
rNeg     . . .     Spirit   .   c - +0 robe
rPois    ∞         Reflect  .   (no helmet)
rElec    .         Harm     .   (no cloak)
rCorr    .         Rampage  .   (no gloves)
Will     .....                  (boots unavailable)
Stlth    ++........             (no amulet)
HPRegen  0.07/turn              (no ring)
MPRegen  0.00/turn              (no ring)

@: flying
A: fire resistance 2, cold vulnerability 1, float, innate caster, hp casting,
extra vitality 1
a: no special abilities


You were on level 2 of the Dungeon.
You visited 1 branch of the dungeon, and saw 2 of its levels.

Inventory:

Missiles
 b - 15 stones
Armour
 c - a +0 robe (worn)


   Skills:
 - Level 2.1 Dodging
 - Level 1.5 Stealth
 + Level 3.4 Spellcasting


You couldn't memorise any spells.
You knew the following spells:

 Your Spells              Type           Power      Damage    Failure   Level
a - Sandblast             Erth           26%        2d8       4%          1
b - Stone Arrow           Conj/Erth      26%        3d8       13%         3
c - Petrify               Tmut/Erth      13%        N/A       41%         4
d - Lee's Rapid Deconstr  Erth           6%         3d7*      77%         5
p - Passwall              Tmut/Erth      10%        N/A       7%          2
Your spell library was empty.

Dungeon Overview and Level Annotations

Branches:
Dungeon (2/15)

Altars:


Innate Abilities, Weirdness & Mutations

You are immune to poison.
Your flesh is very heat resistant. (rF++)
You are vulnerable to cold. (rC-)
You float through the air rather than walking.
You learn spells naturally, not from books.
Your magical power is your life essence.
You have superior vitality. (+4 HP)


Message History

You have reached level 2!
Things that are here:
a +0 club; a goblin corpse Your magical contamination has completely faded away.
A dart slug comes into view.
Casting: Sandblast (safe; 4% risk of failure)
Confirm with . or Enter, or press ? or * to list all spells.
Aiming: Sandblast (safe; 4% risk of failure)
Press: ? - help, Shift-Dir - straight line, f - dart slug
Aim: a dart slug (asleep, 0% to evade)
The blast of sand hits the dart slug!
The dart slug is severely wounded.
Casting: Sandblast (safe; 4% risk of failure)
Confirm with . or Enter, or press ? or * to list all spells.
Aiming: Sandblast (safe; 4% risk of failure)
Press: ? - help, Shift-Dir - straight line, f/p - dart slug
Aim: a dart slug (severely wounded, 0% to evade)
The blast of sand hits the dart slug!
You kill the dart slug!
Unknown command.
You see here a dart slug corpse.
A goblin comes into view. It is wielding a +0 dagger.
Casting: Sandblast (safe; 4% risk of failure)
Confirm with . or Enter, or press ? or * to list all spells.
Aiming: Sandblast (safe; 4% risk of failure)
Press: ? - help, Shift-Dir - straight line, f - goblin
Aim: a goblin, wielding a +0 dagger (asleep, 0% to evade)
The blast of sand hits the goblin!
You kill the goblin!
A bat comes into view.
Casting: Sandblast (safe; 4% risk of failure)
Confirm with . or Enter, or press ? or * to list all spells.
Aiming: Sandblast (safe; 4% risk of failure)
Press: ? - help, Shift-Dir - straight line, f - bat
Aim: a bat (asleep, 0% to evade)
The blast of sand hits the bat!
You kill the bat!
A goblin comes into view. It is wielding a +0 club.
The goblin shouts!
Casting: Sandblast (safe; 4% risk of failure)
Confirm with . or Enter, or press ? or * to list all spells.
Aiming: Sandblast (safe; 4% risk of failure)
Press: ? - help, Shift-Dir - straight line, f - goblin
Aim: a goblin, wielding a +0 club (26% to evade)
The blast of sand hits the goblin!
You kill the goblin!
You see here a +0 club.
A rat comes into view.
A goblin comes into view. It is wielding a +0 club.
Casting: Sandblast (safe; 4% risk of failure)
Confirm with . or Enter, or press ? or * to list all spells.
Aiming: Sandblast (safe; 4% risk of failure)
Press: ? - help, Shift-Dir - straight line, f - rat
Aim: a rat (21% to evade)
The blast of sand hits the rat!
You kill the rat!
A hobgoblin comes into view.
Casting: Sandblast (safe; 4% risk of failure)
Confirm with . or Enter, or press ? or * to list all spells.
Aiming: Sandblast (safe; 4% risk of failure)
Press: ? - help, Shift-Dir - straight line, f - goblin
Aim: a goblin, wielding a +0 club (26% to evade)
The blast of sand hits the goblin.
The goblin is almost dead.
The hobgoblin shouts!
A jackal comes into view.
Casting: Sandblast (safe; 4% risk of failure)
Confirm with . or Enter, or press ? or * to list all spells.
Aiming: Sandblast (safe; 4% risk of failure)
Press: ? - help, Shift-Dir - straight line, f/p - goblin
Aim: a goblin, wielding a +0 club (almost dead, 26% to evade)
The blast of sand hits the goblin!
You kill the goblin!
The jackal barks!
A scorpion comes into view.
There is a fountain of clear blue water here.
Things that are here:
a +0 club; a goblin corpse A jackal comes into view.
A hobgoblin comes into view.
A jackal comes into view.
The jackal barks!
The hobgoblin shouts!
The jackal barks!
The jackal barely misses you.
There is a fountain of clear blue water here.
The jackal bites you.
The hobgoblin hits you but does no damage.
The jackal bites you but does no damage.
The jackal completely misses you. The jackal barely misses you.
The jackal misses you. The hobgoblin hits you.
* * * LOW HITPOINT WARNING * * *
The jackal bites you but does no damage.
The jackal barely misses you. The jackal misses you.
The jackal barely misses you. The jackal closely misses you.
The hobgoblin hits you.
* * * LOW HITPOINT WARNING * * *
The jackal bites you but does no damage.
The jackal bites you.
* * * LOW HITPOINT WARNING * * *
The jackal barely misses you. The jackal completely misses you.
The hobgoblin misses you. The jackal misses you. The jackal bites you.
You die...

..⌠# .## ..# #.#. #.#
######
##...##.########.....
...⌠...)..##.........##
##...##.#....###.##...#
#.# #s#.####.#.#.##.#..
..##.##hg# #..#..##...#
⌠...⌠.h@h# #.#...###.##
####.####g# #....## #.#
#. .# #.#.#####)# # .#
#.........# ##
###.####### #.# #.. ...
♣♣♣♣ .


You could see a scorpion, 3 jackals and 2 hobgoblins.

Vanquished Creatures
  A worm (D:2)
  A dart slug (D:2)
  A bat (D:2)
  An endoplasm (D:2)
  5 goblins (D:2)
  2 rats (D:2)
11 creatures vanquished.

Notes
Turn   | Place    | Note
-------+----------+-------------------------------------------
     0 | D:1      | EnegeticOcto the Djinni Earth Elementalist began the quest
                  | for the Orb.
     0 | D:1      | Reached XP level 1. HP: 15/15 MP: 0/0
    75 | D:2      | Reached skill level 3 in Spellcasting
    80 | D:2      | Reached XP level 2. HP: 13/21 MP: 0/0
   134 | D:2      | Noticed a scorpion
   143 | D:2      | HP: 1/21 [jackal (2)]
   143 | D:2      | Slain by a jackal

Illustrated notes

Levels and vault maps discovered:
D:1:      dpeg_arrival_water_fire, layout_loops_ring,
          ebering_ecumenical_altar_hall
D:2:      minmay_angry_zag, layout_loops_corners, serial_forest,
          infiniplex_forest_clump_medium, infiniplex_forest_lined_1,
          infiniplex_forest_clump_C, infiniplex_forest_end_2,
          infiniplex_forest_zigzag_1, infiniplex_forest_lined_room_2,
          infiniplex_forest_straight_2, infiniplex_forest_straight_3,
          infiniplex_forest_lined_3_way, basic_altar, minivault_11,
          minmay_tree_intersection, grunt_ministairs_15, roderic_three_in_a_row,
          serial_bayou_pond_e

Skill      XL: |  1 |
---------------+----+-----
Spellcasting   | 3 |  3.4
Dodging        | |  2.1
Stealth        | |  1.5

Action                   || total
-------------------------++-------
 Cast: Sandblast         ||    15
Armor: Robe              ||     4
Dodge: Dodged            ||    13

Table legend: (Time is in decaauts)
 A = Elapsed time spent in this place.
 B = Non-inter-level travel time spent in this place.
 C = Inter-level travel time spent in this place.
 D = Time resting spent in this place.
 E = Time spent auto-exploring this place.
 F = Levels seen in this place.
 G = Mean time per level.
                   A        B        C        D        E       F      G
               +--------+--------+--------+--------+--------+-----+--------+
         Total |    142 |    138 |      4 |      0 |      0 |   2 |   71.0 |
       Dungeon |    142 |    138 |      4 |      0 |      0 |   2 |   71.0 |
               +--------+--------+--------+--------+--------+-----+--------+

Top non-repeatable levels by time:
     D:2: 137 daAuts
     D:1: 5 daAuts
